 Dungeon Crawl Stone Soup version bcrawl-1.22 (webtiles) character file.

Game seed: 1307316267606278101

2915 Morbidden the Slasher (level 9, -8/56 HPs)
             Began as a Skeleton Fighter on May 18, 2020.
             Was an Initiate of Gozag.
             Mangled by a wyvern (10 damage)
             ... on level 8 of the Dungeon.
             The game lasted 00:24:30 (8808 turns).

Morbidden the Slasher (Skeleton Fighter)            Turns: 8808, Time: 00:24:30

Health: -8/56      AC:  9    Str: 22 (23) XL:     9   Next: 50%
Magic:  0/18       EV: 10    Int: 12      God:    Gozag
Gold:   552        SH: 10    Dex: 13      Spells: 21/21 levels left

rFire    x . .     SeeInvis .   m - +0 hunting sling
rCold    + . .     Gourm    .   c - +0 medium shield
rNeg     + + +     Faith    .   g - +0 scale mail
rPois    ∞         Spirit   +   (no helmet)
rElec    .         Reflect  .   (no cloak)
rCorr    .         Harm     .   (no gloves)
MR       +....                  s - +1 pair of boots
Stlth    +.........             (no amulet)
HPRegen  0.18/turn              v - ring of Xomiepsis {rF- Dex+5 Slay+5}
MPRegen  0.16/turn              x - +2 ring of intelligence

@: very slightly contaminated
A: no food or potions, cold resistance 1, deterioration 1, negative energy
resistance 3, powered by death 1, torment resistance, unbreathing, magic shield,
sturdy frame 1, spell healing
a: Potion Petition, Call Merchant, Bribe Branch, Renounce Religion


You were on level 8 of the Dungeon.
You worshipped Gozag.
Gozag was pleased with you.
You were not hungry.

You visited 2 branches of the dungeon, and saw 9 of its levels.
You also visited: Ossuary.

You collected 708 gold pieces.
You paid 156 gold pieces to Gozag.

Inventory:

Hand Weapons
 a - a +0 vampiric long sword
 b - a +0 rapier of electrocution
 m - a +0 hunting sling (weapon)
Missiles
 h - 1491 stones
 k - 468 bolts
 n - 430 sling bullets (quivered)
Armour
 c - a +0 medium shield (worn)
 g - a +0 scale mail (worn)
 s - a +1 pair of boots (worn)
Jewellery
 v - the ring of Xomiepsis (left hand) {rF- Dex+5 Slay+5}
   (You took it off an orc on level 6 of the Dungeon)

   [ring of dexterity]

   It affects your dexterity (+5).
   It affects your accuracy and damage with ranged weapons and melee attacks
   (+5).
   It makes you vulnerable to fire.
 x - a +2 ring of intelligence (right hand)
Wands
 l - a wand of polymorph (6)
 q - a wand of flame (11)
 u - a wand of iceblast (5)
Scrolls
 d - 3 scrolls of remove curse
 f - 2 scrolls of magic mapping
 i - a scroll of enchant weapon {unknown}
 j - a scroll of enchant armour
 o - a scroll of fog
 p - 2 scrolls of immolation
 r - a scroll of noise {unknown}
 t - 2 scrolls of brand weapon
 w - a scroll of identify


   Skills:
 * Level 6.9 Fighting
 + Level 3.6(5.8) Short Blades
 + Level 7.0(7.4) Long Blades
 + Level 5.2 Slings
 + Level 5.6 Armour
 + Level 2.7 Dodging
 + Level 1.2 Stealth
 + Level 6.2 Shields
 * Level 6.5 Spellcasting


You had 21 spell levels left.
You didn't know any spells.
Your spell library was empty.

Dungeon Overview and Level Annotations

Branches:
Dungeon (8/12)             Temple (1/1) D:6
   Lair: D:7-9          Orc: D:8-11

Altars:
Ashenzari
Cheibriados
Dithmenos
Elyvilon
Gozag
Hepliaklqana
Kikubaaqudgha
Lugonu
Makhleb
Nemelex Xobeh
Okawaru
Qazlal
Ru
Sif Muna
Trog
Uskayaw
Vehumet
Yredelemnul
Zin
The Shining One

Shops:
D:4 [

Annotations:
D:4 1 runed translucent door, 1 transporter, yrara's ghost, amateur DsFi


Innate Abilities, Weirdness & Mutations

You do not eat or drink.
You are immune to poison.
Your flesh is cold resistant. (rC+)
Your body sometimes deteriorates upon taking damage.
You are immune to negative energy. (rN+++)
You regenerate a little health from kills.
You are immune to unholy pain and torment.
You can survive without breathing.
When hurt, damage is shared between your health and your magic reserves.
Your movements are slightly less encumbered by armour. (ER -2)
Casting spells heals you.


Message History

Are you sure you want to cancel this blink?
Blink to where?
Press: ? - help, Dir - move target cursor You are very lightly contaminated with residual magic.
As you read the scroll labeled QOETUSYODI, it crumbles to dust.
It was a scroll of blinking.
As you read the scroll labeled BIOVVU TUREA, it crumbles to dust.
It is a scroll of brand weapon.
Your +0 long sword thirsts for the lives of mortals!
a - a +0 vampiric long sword The yak gores you!
* * * LOW HITPOINT WARNING * * *
An ice beast comes into view.
You block the yak's attack.
A wyvern comes into view.
The wyvern hisses angrily.
The wyvern moves out of view.
The wyvern bites you!
You die...
Your body crumbles into a pile of gold.

#.......# #......#
######......#
#######.....<.....##.
#...§................
######.....YY...Y....
####...YY.......
#####Y.......
#l@####### ).......#
.......## #.....#
####.. ... .... ...#


You could see 5 yaks, a wyvern and an ice beast.

Vanquished Creatures
  Eustachio (D:5)
  3 hungry ghosts
  An orc warrior (D:6)
  3 sky beasts
  4 ogres
  A centaur (D:4)
  6 bullfrogs
  2 elf zombies (Ossuary)
  A howler monkey (D:6)
  2 centaur zombies (Ossuary)
  4 hounds
  2 human zombies (Ossuary)
  3 orc priests
  5 orc wizards
  2 iguanas
  Natasha (twice) (D:3)
  Ijyb (D:3)
  A worker ant (D:4)
  A big kobold zombie (Ossuary)
  A hound skeleton (D:4)
  2 mummies (Ossuary)
  11 gnolls
  A howler monkey skeleton (D:7)
  7 adders
  A shadow imp (D:5)
  An adder skeleton (D:4)
  2 worms
  A dart slug (D:2)
  A leopard gecko (D:2)
  23 orcs
  A ball python (D:2)
  A giant cockroach (D:1)
  8 goblins
  8 hobgoblins
  19 jackals
  9 kobolds
  4 quokkas
  3 bats
  14 frilled lizards
  A goblin zombie (Ossuary)
  7 hobgoblin zombies (Ossuary)
  2 jackal zombies (Ossuary)
  12 kobold zombies (Ossuary)
  7 orc zombies (Ossuary)
  6 rats
  A rat zombie (D:4)
199 creatures vanquished.

Vanquished Creatures (others)
  2 withered plants (D:4)
2 creatures vanquished.

Grand Total: 201 creatures vanquished

Notes
Turn   | Place    | Note
-------+----------+-------------------------------------------
     0 | D:1      | Morbidden the Skeleton Fighter began the quest for the Orb.
     0 | D:1      | Reached XP level 1. HP: 14/14 MP: 1/1
   193 | D:1      | Reached XP level 2. HP: 19/19 MP: 2/2
   860 | D:1      | Reached skill level 3 in Long Blades
  1266 | D:2      | Reached XP level 3. HP: 18/23 MP: 3/3
  1553 | D:2      | Found a stormy altar of Qazlal.
  1553 | D:2      | Found a sparkling altar of Nemelex Xobeh.
  1567 | D:2      | Found a shattered altar of Ashenzari.
  1860 | D:2      | Reached skill level 1 in Spellcasting
  1901 | D:2      | Reached XP level 4. HP: 21/28 MP: 5/5
  2115 | D:2      | Reached skill level 1 in Slings
  2823 | D:2      | Found a shattered altar of Ashenzari.
  2830 | D:2      | Found a stormy altar of Qazlal.
  2830 | D:2      | Found a sparkling altar of Nemelex Xobeh.
  3094 | D:3      | Reached skill level 4 in Long Blades
  3094 | D:3      | Reached XP level 5. HP: 15/33 MP: 3/8
  3254 | D:3      | Noticed Ijyb
  3265 | D:3      | Killed Ijyb
  3322 | D:3      | Noticed Natasha
  3328 | D:3      | Killed Natasha
  3471 | D:3      | Gained mutation: You regenerate a little health from kills.
                  | [Skeleton growth]
  3471 | D:3      | Reached XP level 6. HP: 28/38 MP: 5/9
  3748 | D:3      | Found a glowing silver altar of Zin.
  3840 | D:3      | Noticed Natasha
  3846 | D:3      | Killed Natasha
  3884 | D:3      | Noticed a hungry ghost
  4067 | D:3      | Killed a hungry ghost
  4067 | D:3      | Reached skill level 1 in Dodging
  4164 | D:4      | Found a runed translucent door.
  4166 | D:4      | Noticed yrara's ghost (amateur DsFi)
  4224 | D:4      | Reached skill level 1 in Short Blades
  4224 | D:4      | Reached XP level 7. HP: 44/44 MP: 11/11
  4349 | D:4      | Found Womuch Guschy's Antique Armour Shoppe.
  4370 | D:4      | Found a sand-covered staircase.
  4383 | Ossuary  | Entered an ossuary
  4555 | Ossuary  | Reached skill level 5 in Long Blades
  4736 | Ossuary  | Reached skill level 5 in Fighting
  4764 | Ossuary  | Reached skill level 5 in Shields
  5106 | D:4      | Reached XP level 8. HP: 26/49 MP: 8/14
  5268 | D:4      | Found a radiant altar of Vehumet.
  5767 | D:4      | Found a sparkling altar of Nemelex Xobeh.
  5767 | D:4      | Found a transporter.
  5767 | D:4      | Noticed an orc knight
  5843 | D:5      | Entered Level 5 of the Dungeon
  5952 | D:5      | Reached skill level 6 in Long Blades
  6193 | D:5      | Reached skill level 5 in Armour
  6204 | D:5      | Reached skill level 5 in Spellcasting
  6331 | D:5      | Noticed Eustachio
  6517 | D:6      | Reached skill level 5 in Slings
  6740 | D:6      | Found a shadowy altar of Dithmenos.
  6785 | D:6      | Reached XP level 9. HP: 39/55 MP: 13/17
  7150 | D:6      | Found a staircase to the Ecumenical Temple.
  7156 | Temple   | Entered the Ecumenical Temple
  7378 | Temple   | Became a worshipper of Gozag Ym Sagoz the Greedy
  7436 | D:6      | Identified the ring of Xomiepsis {rF- Dex+5 Slay+5}
  7868 | D:5      | Found a glowing golden altar of the Shining One.
  7868 | D:5      | Found a burning altar of Makhleb.
  7868 | D:5      | Found a shimmering blue altar of Sif Muna.
  7868 | D:5      | Found a sacrificial altar of Ru.
  8041 | D:5      | Killed Eustachio
  8340 | D:7      | Reached skill level 1 in Stealth
  8422 | D:7      | Noticed a troll
  8422 | D:7      | Noticed a gargoyle
  8534 | D:7      | Reached skill level 7 in Long Blades
  8804 | D:8      | HP: 1/56 [yak (8)]
  8808 | D:8      | Mangled by a wyvern

Skill      XL: |  1  2  3  4  5  6  7  8  9 |
---------------+----------------------------+-----
Long Blades    | 3 4 5 6 7 |  7.0
Shields        | 4 5 6 |  6.2
Spellcasting   | 1 2 3 4 5 6 |  6.5
Slings         | 1 2 3 4 5 |  5.2
Fighting       | 4 5 6 |  6.9
Armour         | 4 5 |  5.6
Dodging        | 1 2 |  2.7
Short Blades   | 1 2 3 |  3.6
Stealth        | 1 |  1.2

Action                   |  1- 3 |  4- 6 |  7- 9 || total
-------------------------+-------+-------+-------++-------
Melee: Long sword        |   134 |   105 |   104 ||   343
       Dagger            |       |   102 |   223 ||   325
       Rapier            |       |       |    47 ||    47
 Fire: Hunting sling     |    47 |    76 |   166 ||   289
Throw: Stone             |       |       |    11 ||    11
Invok: Potion Petition   |       |       |     1 ||     1
Evoke: Wand              |       |       |     1 ||     1
  Use: Scroll            |       |     2 |     5 ||     7
 Stab: Invisible         |       |       |     2 ||     2
Armor: Scale mail        |    57 |    96 |   121 ||   274
Dodge: Dodged            |    63 |    89 |   118 ||   270
Block: Medium shield     |    86 |   153 |   201 ||   440
